 Dungeon Crawl Stone Soup version 0.30-a0-596-g0af90f9a20 (webtiles) character file.

Game seed: 3500451284981642878

479 oldriver the Chopper (level 7, -2/53 HPs)
             Began as a Formicid Wanderer on Jan 7, 2023.
             Was an Initiate of Zin.
             Killed from afar by a steam dragon (12 damage)
             ... with a ball of steam
             ... on level 5 of the Dungeon.
             The game lasted 00:09:05 (4358 turns).

oldriver the Chopper (Formicid Wanderer)            Turns: 4358, Time: 00:09:05

Health: -2/53      AC: 10    Str: 18    XL:     7   Next: 33%
Magic:  7/7        EV:  7    Int: 11    God:    Zin [......]
Gold:   38         SH:  0    Dex: 14    Spells: 6/6 levels left

rFire   . . .      SeeInvis +    a - +2 hand axe
rCold   . . .      Faith    .    (no shield)
rNeg    . . .      Spirit   .    o - +0 chain mail
rPois   .          Reflect  .    (helmet unavailable)
rElec   .          Harm     .    (no cloak)
rCorr   .          Rampage  .    (no gloves)
Will    .....                    s - +1 pair of boots Stlth
                                 (no amulet)
HPRegen 0.28/turn                (no ring)
MPRegen 0.10/turn                (no ring)

@: mighty
A: permanent stasis, dig shafts and tunnels, antennae 3, four strong arms
a: Dig, Shaft Self, Renounce Religion, Donate Gold


You were on level 5 of the Dungeon.
You worshipped Zin.
Zin was noncommittal.
You visited 1 branch of the dungeon, and saw 5 of its levels.

You collected 84 gold pieces.
You spent 42 gold pieces at shops.
You donated 4 gold pieces to Zin.

Inventory:

Hand Weapons
 a - a +2 hand axe (weapon)
 b - a +0 sling of flaming
 k - a +2 flail of protection
Missiles
 c - 8 boomerangs (quivered)
 n - 19 poisoned darts
 t - 3 silver javelins
Armour
 o - a +0 chain mail (worn)
 s - a +1 pair of boots (worn)
Jewellery
 d - the ring of the Empty Page {rPois Will+ Int-2 Stlth+}
   (You found it on level 4 of the Dungeon)

   [ring of poison resistance]

   Int:       It affects your intelligence (-2).
   rPois:     It protects you from poison.
   Will:      It increases your willpower.
   Stlth:     It makes you more stealthy.
 m - an amulet of faith
 v - a ring of ice
Wands
 f - a wand of polymorph (11)
Scrolls
 h - a scroll of poison {unknown}
 w - a scroll of magic mapping {unknown}
Potions
 g - 4 potions of mutation
 i - 5 potions of curing
 j - 3 potions of invisibility
 l - a potion of magic
 p - a potion of attraction {unknown}
 q - a potion of heal wounds
 r - a potion of flight
 u - a potion of ambrosia {unknown}
 x - a potion of degeneration {unknown}
 z - a potion of haste {unknown}


   Skills:
 + Level 3.9 Fighting
 - Level 5.1 Axes
 * Level 3.3 Ranged Weapons
 - Level 3.0 Throwing
 - Level 2.0 Armour
 - Level 4.0 Stealth


You had 6 spell levels left.
You didn't know any spells.
Your spell library contained the following spells:

 Spells                   Type           Power      Damage    Failure   Level
 Summon Small Mammal      Summ           0%         N/A       99%         1
 Call Canine Familiar     Summ           0%         N/A       100%        3
 Gell's Gravitas          Tloc           0%         N/A       100%        3
 Lesser Beckoning         Tloc           0%         N/A       100%        3
 Portal Projectile        Hex/Tloc       0%         N/A       100%        3
 Summon Guardian Golem    Hex/Summ       0%         N/A       100%        3
 Teleport Other           Tloc           0%         N/A       100%        3
 Leda's Liquefaction      Hex/Erth       0%         N/A       100%        4


Dungeon Overview and Level Annotations

Branches:
Dungeon (5/15)
 Temple: D:4-7

Altars:
Dithmenos
Makhleb
Sif Muna
Xom
Zin

Shops:
D:3 (   D:4 !


Innate Abilities, Weirdness & Mutations

You cannot be hasted, slowed, berserked, paralysed or teleported.
You can dig through walls and to a lower floor.
You have a pair of large antennae on your head. (SInv)
Your four strong arms can wield two-handed weapons with a shield.


Message History

Okay, then.
Okay, then.
Your +0 sling of flaming bursts into flame!
b - a +0 sling of flaming (weapon)
The steam dragon hisses angrily.
You shoot a sling bullet. The sling bullet hits the steam dragon.
The sling bullet burns the steam dragon.
The steam dragon is moderately wounded.
You shoot a sling bullet.
The sling bullet hits the steam dragon but does no damage.
The steam dragon is lightly wounded.
The steam dragon breathes steam at you. The ball of steam hits you!
Your +0 sling of flaming stops flaming.
a - a +2 hand axe (weapon)
You feel very mighty all of a sudden. The steam dragon breathes steam at you.
The ball of steam hits you!
You are engulfed in a cloud of scalding steam.
The steam dragon bites you but does no damage.
The steam dragon claws you but does no damage.
You hit the steam dragon.
The steam dragon is moderately wounded.
You are engulfed in a cloud of scalding steam.
The steam dragon bites you.
* * * LOW HITPOINT WARNING * * *
The steam dragon claws you.
* * * LOW HITPOINT WARNING * * *
You closely miss the steam dragon. You punch the steam dragon!
The steam dragon is heavily wounded.
You are engulfed in a cloud of scalding steam.
* * * LOW HITPOINT WARNING * * *
The steam dragon bites you.
* * * LOW HITPOINT WARNING * * *
The steam dragon claws you but does no damage.
You hit the steam dragon.
The steam dragon is severely wounded.
The steam dragon breathes steam at you. The ball of steam hits you!
You die...

.........#..........#
#.......#..........#
#......##.........##
#.....#............
#§....#..........).
#..§..#..........#.
#§§...#..........#.
#.§...#..........#.
##@##..#........##.
#.D###..#......###.
#.## ##..#.......#.
#§..# #############
>..#... #..D ..... {
{ { ... ....$.. ..
......... {{ .
..........#


You could see a steam dragon (catching breath).

Vanquished Creatures
  A scorpion (D:4)
  3 hounds
  An orc priest (D:4)
  3 orc wizards
  Robin (D:2)
  7 gnolls (D:3)
  3 adders (D:3)
  4 worms
  3 dart slugs
  9 orcs
  8 endoplasms
  3 giant cockroaches
  19 goblins
  4 hobgoblins
  7 quokkas
  11 ball pythons
  5 bats
  A frilled lizard (D:3)
  6 kobolds
  4 rats
103 creatures vanquished.

Vanquished Creatures (others)
  A plant (D:4)
1 creature vanquished.

Grand Total: 104 creatures vanquished

Notes
Turn   | Place    | Note
-------+----------+-------------------------------------------
     0 | D:1      | oldriver the Formicid Wanderer began the quest for the Orb.
     0 | D:1      | oldriver set off with the following items: a +2 hand axe, a
                  | +0 sling, 8 boomerangs, a +0 dagger, a potion of might, a
                  | +0 leather armour.
     0 | D:1      | Reached XP level 1. HP: 15/15 MP: 1/1
   104 | D:1      | Reached skill level 1 in Stealth
   156 | D:1      | Reached XP level 2. HP: 20/21 MP: 2/2
   550 | D:1      | Reached XP level 3. HP: 26/26 MP: 3/3
  1285 | D:2      | Noticed Robin
  1329 | D:2      | Reached XP level 4. HP: 30/33 MP: 4/4
  1365 | D:2      | Killed Robin
  1573 | D:2      | Noticed Sigmund
  1574 | D:2      | Sigmund changed into Sigmund the hound
  1574 | D:2      | Noticed Sigmund
  1577 | D:2      | Killed Sigmund the hound
  1578 | D:2      | Reached skill level 4 in Axes
  1578 | D:2      | Reached XP level 5. HP: 38/38 MP: 5/5
  2051 | D:3      | Found a shadowy altar of Dithmenos.
  2363 | D:3      | Reached XP level 6. HP: 46/46 MP: 6/6
  2434 | D:3      | Reached skill level 5 in Axes
  2538 | D:3      | Found a shimmering blue altar of Sif Muna.
  2741 | D:3      | Found Riwir's Weapon Shop.
  3386 | D:4      | Found a shimmering altar of Xom.
  3515 | D:4      | Found Biuvewn's Distillery.
  3666 | D:4      | Bought a potion of curing for 42 gold pieces
  3775 | D:4      | Identified the ring of the Empty Page {rPois Will+ Int-2
                  | Stlth+}
  3961 | D:4      | Reached XP level 7. HP: 28/53 MP: 7/7
  4220 | D:4      | Noticed a cacodemon
  4221 | D:4      | Found a burning altar of Makhleb.
  4227 | D:4      | Found a glowing silver altar of Zin.
  4227 | D:4      | Noticed an angel
  4263 | D:4      | Became a worshipper of Zin the Law-Giver
  4279 | D:5      | Entered Level 5 of the Dungeon
  4344 | D:5      | Noticed a steam dragon
  4358 | D:5      | Killed from afar by a steam dragon

Illustrated notes

Levels and vault maps discovered:
D:1:      lemuel_arrival_cross, layout_basic
D:2:      layout_loops_ring, moated_statue, uniq_robin, uniq_sigmund
D:3:      layout_loops_ring, mainiacjoe_overflow_six_doors_small,
          nicolae_dithmenos_through_a_glass_darkly, serial_shops, shop
D:4:      layout_rooms, grunt_temple_overflow_order_and_chaos_2,
          general_overflow_altar, nicolae_stop_n_shop_2, serial_bayou_pond_d,
          serial_park_tiny_1
D:5:      layout_rooms, lemuel_zombie_altar_kikubaaqudgha,
          minmay_temple_entry_mini_moons

Skill      XL: |  1  2  3  4  5  6  7 |
---------------+----------------------+-----
Stealth        | 1 2 3 4 |  4.0
Fighting       | 2 3 |  3.9
Axes           | 4 5 |  5.1
Armour         | 2 |  2.0
Ranged Weapons | 3 |  3.3
Throwing       | |  3.0

Action                   |  1- 3 |  4- 6 |  7- 9 || total
-------------------------+-------+-------+-------++-------
Melee: Hand axe          |    80 |   176 |    12 ||   268
       Punch             |       |     2 |     1 ||     3
 Fire: Sling             |       |    43 |    18 ||    61
Evoke: Wand              |       |     1 |       ||     1
  Use: Potion            |       |     1 |     1 ||     2
       Scroll            |       |    10 |       ||    10
 Stab: Sleeping          |     1 |       |       ||     1
Armor: Leather armour    |     9 |       |       ||     9
       Chain mail        |     6 |   120 |    16 ||   142
Dodge: Dodged            |    47 |    68 |     7 ||   122

Table legend: (Time is in decaauts)
 A = Elapsed time spent in this place.
 B = Non-inter-level travel time spent in this place.
 C = Inter-level travel time spent in this place.
 D = Time resting spent in this place.
 E = Time spent auto-exploring this place.
 F = Levels seen in this place.
 G = Mean time per level.
                   A        B        C        D        E       F      G
               +--------+--------+--------+--------+--------+-----+--------+
         Total |   4424 |   4171 |    253 |    506 |   2619 |   5 |  884.8 |
       Dungeon |   4424 |   4171 |    253 |    506 |   2619 |   5 |  884.8 |
               +--------+--------+--------+--------+--------+-----+--------+

Top non-repeatable levels by time:
     D:3: 1435 daAuts
     D:2: 1162 daAuts
     D:1: 937 daAuts
     D:4: 808 daAuts
     D:5: 81 daAuts
